 Dungeon Crawl Stone Soup version 0.29.0-4-gdea44cf6ec (webtiles) character file.

Game seed: 4600266027578490419

2860 qw the Cleaver (level 9, -6/52 (54) HPs)
             Began as a Tengu Warper on Aug 29, 2022.
             Mangled by a wight
             ... wielding a +5 long sword
              (11 damage)
             ... on level 7 of the Dungeon.
             The game lasted 00:03:11 (6796 turns).

qw the Cleaver (Tengu Warper)                       Turns: 6796, Time: 00:03:11

HP:   -6/52 (54)    AC: 16    Str: 19    XL:     9   Next: 75%
MP:   13/13         EV: 15    Int: 17    God:
Gold: 214           SH:  0    Dex: 17    Spells: 12/12 levels left

rFire   . . .      SeeInvis .   b - +7 broad axe of qw's Extinguishment {venom, rPois Str+3 Int+3 Dex+4}
rCold   + . .      Faith    .   (no shield)
rNeg    . . .      Spirit   .   f - +7 Kryia's mail coat {PotionHeal*2 rC+}
rPois   +          Reflect  .   (helmet restricted)
rElec   .          Harm     .   (no cloak)
rCorr   .          Rampage  .   c - +2 pair of gloves
Will    .....                   (boots unavailable)
Stlth   ..........              (no amulet)
HPRegen 0.17/turn               (no ring)
MPRegen 0.13/turn               (no ring)

@: flying quickly and evasively, lightly drained, quick
A: beak, talons 3, nimble flight
a: no special abilities


You were on level 7 of the Dungeon.
You visited 1 branch of the dungeon, and saw 7 of its levels.

You collected 442 gold pieces.
You spent 228 gold pieces at shops.


Innate Abilities, Weirdness & Mutations

You have a beak for a mouth.
You have claws for feet.
Your magical nature lets you fly swiftly and evasively.


   Skills:
 - Level 5.1 Fighting
 - Level 11.4 Axes
 - Level 3.7 Throwing
 + Level 2.7 Armour
 - Level 5.5 Dodging
 - Level 2.0 Spellcasting
 - Level 2.4 Translocations


You had 12 spell levels left.
You didn't know any spells.
Your spell library contained the following spells:

 Spells                   Type           Power      Damage    Failure   Level
 Blink                    Tloc           18%        N/A       32%         2
 Gell's Gravitas          Tloc           9%         N/A       54%         3
 Lesser Beckoning         Tloc           9%         N/A       54%         3
 Teleport Other           Tloc           9%         N/A       54%         3
 Manifold Assault         Tloc           9%         N/A       99%         5

Inventory:

Hand Weapons
 a - a +0 flail
 b - the +7 broad axe of qw's Extinguishment (weapon) {venom, rPois Str+3 Int+3 Dex+4}
   (You acquired it on level 1 of the Dungeon)

   It poisons the flesh of those it strikes.
   Str:       It affects your strength (+3).
   Int:       It affects your intelligence (+3).
   Dex:       It affects your dexterity (+4).
   rPois:     It protects you from poison.
Missiles
 g - 4 javelins (quivered)
Armour
 c - a +2 pair of gloves (worn)
 f - the +7 Kryia's mail coat (worn) {PotionHeal*2 rC+}
   (You acquired it on level 1 of the Dungeon)

   Potions are twice as effective at healing its wearer.
   rC:        It protects you from cold.
Jewellery
 n - a ring of ice
Scrolls
 h - 4 scrolls of identify
 i - a scroll of enchant armour
Potions
 d - 3 potions of heal wounds
 e - a potion of resistance
 j - 3 potions of curing

Dungeon Overview and Level Annotations

Branches:
Dungeon (7/15)
 Temple: D:4-7

Altars:
Trog
Zin

Shops:
D:3 ?(   D:5 (


Message History

Your punch misses the orc wizard.
The orc wizard is severely wounded.
You hit the wight. You closely miss the orc. The wight closely misses you.
The orc wizard hits you but does no damage.
The orc hits you but does no damage.
You slash the orc wizard!
You kill the orc wizard!
You slash the orc!
You kill the orc!
You closely miss the wight.
The orc priest miscasts a cantrip.
The wight hits you from afar with a +5 spear.
You feel drained.
The wight hits you with a +5 long sword!
Your life force feels restored.
You hit the wight but do no damage. You claw the wight, but do no damage.
Your peck misses the wight.
The wight is lightly damaged.
The orc priest mumbles some strange prayers to Beogh against you.
Beogh smites you! The wight closely misses you.
You barely miss the wight. You claw the wight, but do no damage.
You peck the wight, but do no damage.
The wight is lightly damaged.
The wight closely misses you. The wight hits you but does no damage.
You hit the wight. You claw the wight.
The wight is severely damaged.
You hit the orc priest.
The orc priest is poisoned.
The orc priest hits you but does no damage.
The wight hits you but does no damage.
You hit the wight. You claw the wight. You peck the wight, but do no damage.
The wight is almost destroyed.
You slash the orc priest!
The orc priest looks as sick as possible!
The orc priest invokes the aid of Beogh against you.
Beogh smites you!
The wight hits you from afar with a +5 spear!
You feel drained.
The wight hits you with a +5 long sword!
You die... ### ..# ... ... #.##.. #.... #... .. #zz

.... #o##...>#
#.###@)zz...#
#...)z##...$.
.....###.##.....
... #<.......
##..........o...
#....#####.....
##.. .#### #. #
..


You could see 5 wights and an orc priest (extremely poisoned).

Vanquished Creatures
  6 yaks (D:6)
  A water moccasin (D:5)
  3 black bears
  An ice beast (D:6)
  3 ogres
  A phantom (D:5)
  A bullfrog (D:6)
  4 scorpions
  4 orc priests
  2 gnoll boudas (D:5)
  4 hounds
  4 iguanas
  8 orc wizards
  11 gnolls
  5 adders
  2 white imps
  2 worms (D:3)
  5 dart slugs
  33 orcs
  6 ball pythons
  6 bats
  5 endoplasms
  3 giant cockroaches
  9 hobgoblins
  7 jackals
  5 quokkas
  2 frilled lizards
  6 goblins
  3 kobolds
  4 rats
156 creatures vanquished.

Notes
Turn   | Place    | Note
-------+----------+-------------------------------------------
     0 | D:1      | qw the Tengu Warper began the quest for the Orb.
     0 | D:1      | Reached XP level 1. HP: 12/12 MP: 4/4
     0 | D:1      | 0 ||| qw: Version: 0.1-a-89-g26bdef1
     0 | D:1      | 0 ||| qw: Game counter: 3535
     0 | D:1      | 0 ||| qw: Always use a shield: true
     0 | D:1      | 0 ||| qw: God list: Okawaru
     0 | D:1      | 0 ||| qw: Allow faded altars: false
     0 | D:1      | 0 ||| qw: Do Orc after D:15 true
     0 | D:1      | 0 ||| qw: Do second Lair branch before Depths: true
     0 | D:1      | 0 ||| qw: Lair rune preference: random
     0 | D:1      | 0 ||| qw: Plans: Normal
     0 | D:1      | 0 ||| PLANNING D:1-11
    21 | D:1      | 21 ||| Stepping ~*~*~tactically~*~*~ (hiding).
    48 | D:1      | 48 ||| Stepping ~*~*~tactically~*~*~ (hiding).
    50 | D:1      | 50 ||| Stepping ~*~*~tactically~*~*~ (hiding).
    90 | D:1      | Reached XP level 2. HP: 17/17 MP: 6/6
   119 | D:1      | Reached skill level 3 in Axes
   364 | D:1      | 364 ||| Stepping ~*~*~tactically~*~*~ (stealth).
   366 | D:1      | 366 ||| Stepping ~*~*~tactically~*~*~ (stealth).
   587 | D:1      | Reached XP level 3. HP: 14/21 MP: 7/7
   739 | D:1      | Found a faded altar of an unknown god.
   993 | D:1      | 993 ||| UPGRADING to +0 ring mail.
  1003 | D:1      | 1003 ||| DROPPING +0 leather armour.
  1004 | D:1      | 1004 ||| UPGRADING to +0 chain mail.
  1014 | D:1      | 1014 ||| DROPPING +0 ring mail.
  1015 | D:1      | 1015 ||| READING scroll labelled NOEMAT ELIOHU.
  1016 | D:1      | 1016 ||| READING scroll labelled HAL ITOXTEIPRE.
  1017 | D:1      | 1017 ||| READING scroll labelled WASOETT VIFA.
  1018 | D:1      | 1018 ||| READING 2 scrolls labelled XOKHLI LOADABUM.
  1023 | D:1      | 1023 ||| READING 3 scrolls labelled CEUJIM QIUPP.
  1023 | D:1      | Identified 3 scrolls of acquirement
  1023 | D:1      | 1023 ||| ACQUIRING +14 obsidian axe {vorpal, Mesm Drain Fly
                  | SInv}
  1023 | D:1      | Acquired the +14 obsidian axe {vorpal, Mesm Drain Fly SInv}
  1023 | D:1      | Found the +14 obsidian axe {vorpal, Mesm Drain Fly SInv}
  1025 | D:1      | 1025 ||| SWAPPING to +14 obsidian axe {vorpal, Mesm Drain
                  | Fly SInv}.
  1026 | D:1      | 1026 ||| DROPPING +0 hand axe.
  1027 | D:1      | 1027 ||| READING 2 scrolls of acquirement.
  1027 | D:1      | 1027 ||| ACQUIRING +7 broad axe of qw's Extinguishment
                  | {venom, rPois Str+3 Int+3 Dex+4}
  1027 | D:1      | Acquired the +7 broad axe of qw's Extinguishment {venom,
                  | rPois Str+3 Int+3 Dex+4}
  1029 | D:1      | 1029 ||| SWAPPING to +7 broad axe of qw's Extinguishment
                  | {venom, rPois Str+3 Int+3 Dex+4}.
  1030 | D:1      | 1030 ||| READING scroll of acquirement.
  1030 | D:1      | 1030 ||| ACQUIRING +7 Kryia's mail coat {PotionHeal*2 rC+}
  1030 | D:1      | Acquired the +7 Kryia's mail coat {PotionHeal*2 rC+}
  1030 | D:1      | Found the +7 Kryia's mail coat {PotionHeal*2 rC+}
  1032 | D:1      | 1032 ||| UPGRADING to +7 Kryia's mail coat {PotionHeal*2
                  | rC+}.
  1042 | D:1      | 1042 ||| DROPPING +0 chain mail.
  1043 | D:1      | 1043 ||| DROPPING scroll of blinking.
  1057 | D:2      | 1057 ||| STAIRDANCE
  1096 | D:2      | 1096 ||| Stepping ~*~*~tactically~*~*~ (hiding).
  1102 | D:2      | Reached skill level 4 in Axes
  1232 | D:2      | 1232 ||| Stepping ~*~*~tactically~*~*~ (stealth).
  1257 | D:2      | 1257 ||| Stepping ~*~*~tactically~*~*~ (stealth).
  1535 | D:2      | Reached XP level 4. HP: 24/24 MP: 8/8
  1794 | D:2      | Found a bloodstained altar of Trog.
  1817 | D:2      | 1817 ||| DROPPING +0 club.
  1868 | D:2      | Reached skill level 5 in Axes
  2040 | D:2      | 2040 ||| READING 3 scrolls labelled LITHISCH PIOSY.
  2041 | D:2      | 2041 ||| DRINKING 3 metallic cyan potions.
  2042 | D:2      | 2042 ||| READING 2 scrolls of identify.
  2042 | D:2      | 2042 ||| IDENTIFYING fizzy dark potion
  2073 | D:3      | Found Jommoth's Weapon Shop.
  2181 | D:3      | Found Supraida's Magic Scroll Boutique.
  2196 | D:3      | 2196 ||| BUYING 2 scrolls of enchant armour (180 gold).
  2196 | D:3      | Bought 2 scrolls of enchant armour for 180 gold pieces
  2196 | D:3      | 2196 ||| SHOPLISTING scroll of brand weapon (114 gold, have
                  | 48).
  2196 | D:3      | 2196 ||| SHOPLISTING scroll of enchant armour (90 gold,
                  | have 48).
  2196 | D:3      | 2196 ||| BUYING scroll of identify (24 gold).
  2196 | D:3      | Bought a scroll of identify for 24 gold pieces
  2196 | D:3      | 2196 ||| BUYING scroll of identify (24 gold).
  2196 | D:3      | Bought a scroll of identify for 24 gold pieces
  2196 | D:3      | 2196 ||| SHOPLISTING scroll of teleportation (36 gold, have
                  | 0).
  2238 | D:3      | 2238 ||| Stepping ~*~*~tactically~*~*~ (stealth).
  2239 | D:3      | 2239 ||| Stepping ~*~*~tactically~*~*~ (stealth).
  2250 | D:3      | 2250 ||| DROPPING +0 whip.
  2861 | D:3      | Gained mutation: Your magical nature lets you fly swiftly
                  | and evasively. [Tengu growth]
  2861 | D:3      | Reached XP level 5. HP: 17/30 MP: 9/9
  2990 | D:3      | 2990 ||| DROPPING +14 obsidian axe {vorpal, Mesm Drain Fly
                  | SInv}.
  2993 | D:3      | 2993 ||| DROPPING +2 whip of venom.
  3044 | D:3      | 3044 ||| READING scroll labelled OGHOOKHL SEWKOM.
  3045 | D:3      | 3045 ||| DRINKING 2 fuming orange potions.
  3082 | D:3      | 3082 ||| READING 4 scrolls of identify.
  3082 | D:3      | 3082 ||| IDENTIFYING grey potion
  3083 | D:3      | 3083 ||| DROPPING potion of ambrosia.
  3084 | D:3      | 3084 ||| DROPPING potion of lignification.
  3087 | D:4      | 3087 ||| PLANNING SEWER
  3117 | D:4      | 3117 ||| Stepping ~*~*~tactically~*~*~ (stealth).
  3119 | D:4      | 3119 ||| FLEEEEING.
  3121 | D:4      | 3121 ||| FLEEEEING.
  3122 | D:4      | 3122 ||| FLEEEEING.
  3124 | D:4      | 3124 ||| FLEEEEING.
  3125 | D:4      | 3125 ||| FLEEEEING.
  3126 | D:4      | 3126 ||| FLEEEEING.
  3127 | D:4      | 3127 ||| FLEEEEING.
  3128 | D:4      | 3128 ||| FLEEEEING.
  3129 | D:4      | 3129 ||| FLEEEEING.
  3130 | D:4      | 3130 ||| FLEEEEING.
  3131 | D:4      | 3131 ||| FLEEEEING.
  3132 | D:4      | 3132 ||| FLEEEEING.
  3133 | D:4      | 3133 ||| FLEEEEING.
  3134 | D:4      | 3134 ||| FLEEEEING.
  3135 | D:4      | 3135 ||| FLEEEEING.
  3136 | D:4      | 3136 ||| FLEEEEING.
  3137 | D:4      | 3137 ||| FLEEEEING.
  3138 | D:4      | 3138 ||| FLEEEEING.
  3139 | D:4      | 3139 ||| FLEEEEING.
  3140 | D:4      | 3140 ||| FLEEEEING.
  3141 | D:4      | 3141 ||| FLEEEEING.
  3142 | D:4      | 3142 ||| FLEEEEING.
  3143 | D:4      | 3143 ||| FLEEEEING.
  3144 | D:4      | 3144 ||| FLEEEEING.
  3146 | D:4      | 3146 ||| STAIRDANCE
  3236 | D:4      | 3236 ||| STAIRDANCE
  3241 | D:4      | 3241 ||| STAIRDANCE
  3268 | D:4      | Reached skill level 6 in Axes
  3565 | D:4      | 3565 ||| Stepping ~*~*~tactically~*~*~ (stealth).
  3566 | D:4      | 3566 ||| Stepping ~*~*~tactically~*~*~ (stealth).
  3583 | D:4      | 3583 ||| Stepping ~*~*~tactically~*~*~ (stealth).
  3587 | D:4      | 3587 ||| Stepping ~*~*~tactically~*~*~ (hiding).
  3588 | D:4      | 3588 ||| Stepping ~*~*~tactically~*~*~ (stealth).
  3602 | D:4      | 3602 ||| Stepping ~*~*~tactically~*~*~ (stealth).
  3673 | D:4      | 3673 ||| Stepping ~*~*~tactically~*~*~ (stealth).
  3675 | D:4      | 3675 ||| Stepping ~*~*~tactically~*~*~ (hiding).
  3685 | D:4      | Reached XP level 6. HP: 23/35 MP: 10/10
  3721 | D:4      | 3721 ||| FLEEEEING.
  3725 | D:4      | 3725 ||| FLEEEEING.
  3726 | D:4      | 3726 ||| FLEEEEING.
  3736 | D:4      | Reached skill level 7 in Axes
  3892 | D:4      | 3892 ||| RIP SEWER
  3967 | D:4      | 3967 ||| PLANNING D:1-11
  3982 | D:4      | 3982 ||| Stepping ~*~*~tactically~*~*~ (stealth).
  4000 | D:4      | 4000 ||| Stepping ~*~*~tactically~*~*~ (stealth).
  4020 | D:4      | Reached skill level 3 in Fighting
  4202 | D:4      | Reached skill level 3 in Dodging
  4202 | D:4      | Reached XP level 7. HP: 41/41 MP: 11/11
  4231 | D:4      | 4231 ||| Stepping ~*~*~tactically~*~*~ (hiding).
  4554 | D:4      | 4554 ||| READING scroll labelled ZOQIAG COTH.
  4584 | D:5      | Entered Level 5 of the Dungeon
  4584 | D:5      | Found Kiaps's Weapon Boutique.
  4642 | D:5      | Reached skill level 8 in Axes
  4699 | D:5      | 4699 ||| Stepping ~*~*~tactically~*~*~ (stealth).
  4719 | D:5      | HP: 4/41 [ogre/+0 giant club (20)]
  4720 | D:5      | 4720 ||| READING scroll of teleportation.
  4721 | D:5      | 4721 ||| DRINKING 4 potions of heal wounds.
  4722 | D:5      | Reached skill level 9 in Axes
  4722 | D:5      | Reached XP level 8. HP: 46/46 MP: 12/12
  4907 | D:5      | Reached skill level 10 in Axes
  4967 | D:5      | Found a glowing silver altar of Zin.
  5220 | D:5      | 5220 ||| Stepping ~*~*~tactically~*~*~ (hiding).
  5669 | D:5      | 5669 ||| DROPPING ring of wizardry.
  5670 | D:5      | 5670 ||| READING scroll labelled JAOHOCE UTZEAN.
  5671 | D:5      | 5671 ||| DRINKING 4 lumpy silvery potions.
  5672 | D:5      | 5672 ||| DRINKING 2 blue potions.
  5673 | D:5      | 5673 ||| READING 3 scrolls of identify.
  5673 | D:5      | 5673 ||| IDENTIFYING smoky brown potion
  5674 | D:5      | 5674 ||| DROPPING potion of berserk rage.
  5675 | D:5      | 5675 ||| DROPPING potion of degeneration.
  5929 | D:6      | Reached XP level 9. HP: 53/54 MP: 13/13
  6179 | D:6      | 6179 ||| Stepping ~*~*~tactically~*~*~ (hiding).
  6459 | D:6      | Reached skill level 11 in Axes
  6461 | D:6      | Reached skill level 3 in Throwing
  6463 | D:6      | HP: 12/54 [yak (2)]
  6464 | D:6      | 6464 ||| READING scroll of teleportation.
  6465 | D:6      | 6465 ||| DRINKING 4 potions of heal wounds.
  6744 | D:6      | 6744 ||| UPGRADING to +0 pair of gloves.
  6749 | D:6      | 6749 ||| READING 3 scrolls of enchant armour.
  6749 | D:6      | 6749 ||| ENCHANTING +0 pair of gloves.
  6750 | D:6      | 6750 ||| READING 2 scrolls of enchant armour.
  6750 | D:6      | 6750 ||| ENCHANTING +1 pair of gloves.
  6751 | D:6      | 6751 ||| READING 3 scrolls labelled HICSUFR HUWE.
  6752 | D:6      | 6752 ||| READING scroll labelled PIDUSE SOHOEQAUK.
  6753 | D:6      | 6753 ||| DROPPING 2 scrolls of butterflies.
  6782 | D:7      | 6782 ||| Stepping ~*~*~tactically~*~*~ (hiding).
  6796 | D:7      | HP: 7/54 [wight/+5 spear (9)]
  6796 | D:7      | Mangled by a wight

Levels and vault maps discovered:
D:1:      reono_arrival_forest_river, layout_basic,
          chequers_ecumenical_altar_grove, minivault_26, dreamdust_wishing_well
D:2:      layout_basic, basic_altar, minmay_split_cup_large
D:3:      layout_basic, serial_shops, shop, nicolae_shop_bloodbath_and_beyond
D:4:      layout_loops_ring, portal_sewer_entry_e, minmay_misc_feat_ornament,
          nicolae_titane
D:5:      layout_basic, zin_academy, serial_shops, shop, minmay_hedge_maze,
          grunt_decor_mini_mirrors, minmay_circle_x
D:6:      layout_layer_cave
D:7:      layout_loops_cross, minmay_temple_entry_trees, enter_bailey_5

Skill      XL: |  1  2  3  4  5  6  7  8  9 |
---------------+----------------------------+-----
Axes           | 3 4 5 6 7 9 10 11 | 11.4
Fighting       | 3 5 |  5.1
Dodging        | 3 4 5 |  5.5
Throwing       | 2 3 |  3.7
Armour         | 2 |  2.7
Spellcasting   | |  2.0
Translocations | |  2.4

Action                   |  1- 3 |  4- 6 |  7- 9 || total
-------------------------+-------+-------+-------++-------
Melee: Hand axe          |    51 |       |       ||    51
       Kick              |    11 |    15 |    25 ||    51
       Peck              |    13 |    11 |    16 ||    40
       Broad axe         |    21 |    71 |   104 ||   196
Throw: Boomerang         |     7 |       |     2 ||     9
       Javelin           |     2 |    41 |    35 ||    78
  Use: Scroll            |     7 |     4 |     9 ||    20
       Potion            |       |     2 |     4 ||     6
Armor: Leather armour    |    12 |       |       ||    12
       Scale mail        |    13 |    39 |    65 ||   117
Dodge: Dodged            |    35 |    29 |    83 ||   147

Table legend:
 A = Non-vault XP
 B = Vault XP
 C = Vault XP percentage of total XP
 D = Non-vault monster count
 E = Vault monster count
 F = Vault count percentage of total count
                 A         B        C        D         E       F
            +---------+---------+-------+---------+---------+-------
      Total |    3571 |     515 |  12.6 |     146 |      10 |   6.4
            +---------+---------+-------+---------+---------+-------
        D:1 |      41 |       0 |   0.0 |      21 |       0 |   0.0
        D:2 |      64 |      18 |  22.0 |      22 |       4 |  15.4
        D:3 |      79 |       0 |   0.0 |      18 |       0 |   0.0
        D:4 |     424 |       0 |   0.0 |      29 |       0 |   0.0
        D:5 |     976 |     497 |  33.7 |      27 |       6 |  18.2
        D:6 |    1892 |       0 |   0.0 |      22 |       0 |   0.0
        D:7 |      95 |       0 |   0.0 |       7 |       0 |   0.0
            +---------+---------+-------+---------+---------+-------
